AoeStats
← eeeaaasy

Black Forest

510819855Analyzed
2v2 RM · 23h ago on Oct 2, 2026· 48m 29s· 4 players
Game mode
Random Map
Map size
Medium (4 player)
Population
200
Speed
Normal
Resources
Standard
Victory
Conquest
Starting age
Dark Age
Ending age
Imperial Age
RankedLock teamsTeams togetherTeam positionsShared explorationLock speedFull tech treeHidden civsTurbo modeCheats
Victory
Defeat
🇭🇺 Mongols · Hungary
1153
+15
🇭🇺 Teutons · Hungary
1100
+17
🇩🇪 Franks · Germany
1128
-16
🇩🇪 Danes · Germany
1127
-16
Orbán egy gheci
0:33 Loom
11:09 Feudal Age
15:35 Castle Age
14:47 Double-Bit Axe
14:48 Horse Collar
14:59 Fletching
15:47 Gold Mining
27:23 Ballistics
28:17 Gold Shaft Mining
28:23 Bodkin Arrow
33:27 Imperial Age
31:32 Wheelbarrow
32:38 Forging
33:48 Fortified Wall
34:39 Conscription
34:46 Scale Barding Armor
37:17 Iron Casting
36:40 Onager
38:04 Wheelbarrow
39:11 Bow Saw
40:08 Blast Furnace
38:40 Light Cavalry
40:11 Bloodlines
41:11 Padded Archer Armor
42:21 Drill
42:30 Hussar
43:12 Husbandry
43:22 Caravan
45:12 Chain Barding Armor
44:53 Bracer
45:08 Leather Archer Armor
45:45 Hoardings
ballagiapusztito
0:27 Loom
11:00 Feudal Age
12:11 Double-Bit Axe
14:44 Castle Age
13:05 Double-Bit Axe
16:36 Wheelbarrow
16:13 Bow Saw
21:21 Hand Cart
23:57 Gold Mining
25:05 Stone Mining
24:57 Horse Collar
29:38 Imperial Age
27:54 Fortified Wall
28:42 Scale Barding Armor
28:41 Scale Mail Armor
28:52 Forging
29:58 Scale Barding Armor
30:24 Chain Mail Armor
31:36 Two-Man Saw
30:45 Town Watch
30:33 Elite Teutonic Knight
31:02 Capped Ram
32:49 Chemistry
32:09 Ballistics
32:54 Squires
32:39 Arson
34:06 Plate Mail Armor
34:11 Iron Casting
35:06 Caravan
35:37 Coinage
35:17 Guilds
35:44 Heavy Plow
37:55 Siege Engineers
38:01 Masonry
38:17 Ironclad
38:21 Crenellations
39:26 Padded Archer Armor
40:27 Blast Furnace
39:19 Fletching
42:22 Cavalier
43:12 Bloodlines
44:25 Chain Barding Armor
43:58 Paladin
45:24 Banking
46:02 Stone Shaft Mining
46:04 Plate Barding Armor
45:34 Onager
tonifips
0:58 Loom
10:46 Feudal Age
14:44 Castle Age
14:09 Double-Bit Axe
14:07 Horse Collar
16:12 Bow Saw
22:39 Heavy Plow
24:12 Stone Mining
26:17 Wheelbarrow
28:56 Imperial Age
26:35 Scale Mail Armor
26:42 Squires
27:15 Gambesons
27:50 Chain Mail Armor
27:34 Gold Mining
28:33 Arson
29:04 Forging
30:26 Plate Mail Armor
31:55 Elite Varangian Guard
33:05 Onager
34:34 Iron Casting
35:02 Hamask
37:50 Crossbowman
38:50 Fletching
39:01 Cranequins
39:38 Bodkin Arrow
39:31 Heavy Mounted Crossbowman
42:00 Hand Cart
44:34 Chemistry
43:36 Bracer
44:42 Padded Archer Armor
45:44 Blast Furnace
45:24 Pikeman
46:24 Caravan
46:51 Bloodlines
46:42 Husbandry
46:58 Leather Archer Armor
46:28 Halberdier
48:32 Ring Archer Armor
eeeaaasy
0:58 Loom
12:06 Feudal Age
16:15 Castle Age
15:17 Double-Bit Axe
19:07 Scale Barding Armor
19:41 Bow Saw
20:47 Gold Mining
23:08 Wheelbarrow
29:02 Elite Skirmisher
35:26 Fletching
35:37 Padded Archer Armor
36:18 Bodkin Arrow
39:31 Leather Archer Armor
41:07 Fortified Wall
45:45 Hand Cart
45:29 Pikeman
46:09 Squires
Connection lost

Rejoining the realm…

Still unreachable

The connection could not be restored.

Session expired

The server has moved on; the page needs a fresh start.